Montreal Canadiens vs Vancouver Canucks
Created - Wednesday, March 6, 2024 at 07:03
Goals
|
| Montreal Canadiens |
0 |
2 |
0 |
2 |
| Vancouver Canucks |
0 |
2 |
2 |
4 |
|
Shots
|
| Montreal Canadiens |
9 |
22 |
10 |
41 |
| Vancouver Canucks |
2 |
12 |
11 |
25 |
|
1st period
No Goal
Penalties :
Artturi Lehkonen (VAN) for Hooking (Minor) at 0:27, Noah Hanifin (VAN) for Hooking (Minor) at 13:05, Robby Fabbri (VAN) for Hooking (Minor) at 18:23
2nd period
1. Vancouver Canucks , Mikko Rantanen 7 (Aleksander Barkov 15) at 2:25 (PP)
2. Vancouver Canucks , Casey Mittelstadt 9 (Miro Heiskanen 12, Artturi Lehkonen 12) at 6:57 (PP)
3. Montreal Canadiens , Brady Skjei 1 (Adam Fox 8, Jonathan Marchessault 8) at 8:45
4. Montreal Canadiens , Jamie Benn 2 (Damon Severson 5, Patrik Laine 11) at 18:33 (PP)
Penalties :
Patrik Laine (MTL) for Tripping (Minor) at 0:50, Dylan Larkin (MTL) for Holding (Minor) at 6:26, Robby Fabbri (VAN) for Slashing (Minor) at 17:28
3rd period
5. Vancouver Canucks , Clayton Keller 7 (Mikko Rantanen 10, Noah Hanifin 5) at 0:16
6. Vancouver Canucks , Jesperi Kotkaniemi 2 (Casey Mittelstadt 9) at 3:20
Penalties :
Chad Ruhwedel (VAN) for Tripping (Minor) at 6:02
Goalie Stats
Daniel Vladar (MTL), 21 saves from 25 shots - (0.840), L, 6-3-0, 60:00 minutes
Joonas Korpisalo (VAN), 39 saves from 41 shots - (0.951), W, 8-5-1, 60:00 minutes
Players Stats for Montreal Canadiens
Player Name G A P +/- PIM S H SB GA TA FO MP PP MP PK MP
------------------------------------------------------------------------------------
Adam Fox 0 1 1 1 0 3 0 0 0 1 0/0 21:19 3:53 1:31
Brady Skjei 1 0 1 1 0 2 3 2 1 1 0/0 21:19 3:53 1:31
Christian Fischer 0 0 0 1 0 1 0 1 0 0 1/4 13:12 0:00 0:00
Damon Severson 0 1 1 -2 0 2 1 1 0 1 0/0 21:47 4:49 0:35
Dylan Larkin 0 0 0 -1 2 4 2 0 2 0 12/16 16:48 3:50 0:36
Evgeni Dadonov 0 0 0 1 0 2 3 0 0 0 0/1 14:32 0:00 1:20
Filip Forsberg 0 0 0 -1 0 1 1 1 1 0 0/0 16:38 3:50 0:00
Filip Hronek 0 0 0 0 0 1 0 0 0 1 0/0 16:54 0:19 0:00
Jake Evans 0 0 0 -1 0 1 1 0 0 0 1/3 9:59 0:00 0:00
Jamie Benn 1 0 1 0 0 2 1 0 1 0 0/0 19:12 5:11 1:09
Jonathan Marchessault 0 1 1 1 0 6 2 0 0 0 0/1 13:12 0:00 0:00
Marco Scandella 0 0 0 0 0 0 1 0 0 0 0/0 16:54 0:19 0:00
Martin Necas 0 0 0 -1 0 4 1 0 0 0 1/1 16:39 3:50 0:00
Patrik Laine 0 1 1 0 2 2 2 0 1 0 0/1 18:13 5:11 0:10
Sidney Crosby 0 0 0 0 0 3 2 1 0 0 18/23 19:03 5:11 0:57
Tomas Nosek 0 0 0 -1 0 3 1 0 0 0 0/0 10:23 0:00 0:00
Tyler Myers 0 0 0 -2 0 1 1 0 0 0 0/0 21:47 4:49 0:35
Vladislav Namestnikov 0 0 0 -1 0 3 3 0 0 0 0/0 10:01 0:00 0:00
Players Stats for Vancouver Canucks
Player Name G A P +/- PIM S H SB GA TA FO MP PP MP PK MP
------------------------------------------------------------------------------------
Adam Boqvist 0 0 0 0 0 0 2 0 0 1 0/0 21:02 1:00 5:03
Aleksander Barkov 0 1 1 0 0 1 2 0 0 0 6/16 18:04 0:51 4:34
Anton Lundell 0 0 0 0 0 0 1 0 0 0 0/0 9:32 0:00 0:09
Artturi Lehkonen 0 1 1 0 2 4 0 0 1 1 0/0 19:27 1:15 3:32
Casey Mittelstadt 1 1 2 1 0 2 0 0 0 0 0/4 14:14 1:15 0:15
Chad Ruhwedel 0 0 0 0 2 0 2 0 0 0 0/0 18:50 1:00 4:07
Clayton Keller 1 0 1 0 0 4 0 0 1 2 1/8 17:23 0:51 4:18
Jacob Bryson 0 0 0 0 0 0 1 3 0 0 0/0 15:09 0:00 1:24
Jake Bean 0 0 0 1 0 1 0 2 0 0 0/0 15:53 0:00 0:00
Jesperi Kotkaniemi 1 0 1 1 0 2 0 0 0 0 5/7 13:24 0:00 0:40
Kasperi Kapanen 0 0 0 0 0 2 0 1 0 1 0/0 15:22 1:15 0:00
Mikko Rantanen 1 1 2 0 0 4 3 0 1 0 0/1 18:28 0:51 4:34
Miro Heiskanen 0 1 1 0 0 0 1 2 0 1 0/0 24:31 1:06 4:08
Noah Cates 0 0 0 0 0 2 1 0 0 0 2/3 8:55 0:00 0:00
Noah Hanifin 0 1 1 1 2 0 3 2 0 0 0/0 24:35 1:06 3:20
Robby Fabbri 0 0 0 0 4 1 1 0 1 0 3/11 14:26 0:00 0:00
Sam Lafferty 0 0 0 0 0 0 0 1 0 0 0/0 8:55 0:00 0:00
Taylor Raddysh 0 0 0 1 0 2 1 1 0 0 0/0 12:44 0:00 0:00
3 Stars
1 - Joonas Korpisalo (VAN)
2 - Mikko Rantanen (VAN)
3 - Casey Mittelstadt (VAN)
Power Play
Montreal Canadiens - 1 on 5 Attempt(s) - 20.00%
Vancouver Canucks - 2 on 2 Attempt(s) - 100.00%
Penalty Kill
Montreal Canadiens - 0 on 2 Attempt(s) - 0.00%
- Score 0 goal in Penalty Kill
Vancouver Canucks - 4 on 5 Attempt(s) - 80.00%
- Score 0 goal in Penalty Kill
Team Stat
Montreal Canadiens - Hits : 25 - Faceoff Wins : 33 - Blocked Shots : 6 - Penalty Minutes : 4
Vancouver Canucks - Hits : 18 - Faceoff Wins : 17 - Blocked Shots : 12 - Penalty Minutes : 10
Official
Referees : Trevor Hanson and Gord Dwyer
Linesman : Brian Murphy and Scott Driscoll
Game Notes
8:45 of 2nd period - Montreal Canadiens goal is going for a video replay. After video review, Goal.
Finance
Level 1 -- Attendance: 4791 (79.85%) -- Ticket Income $474,309
Level 2 -- Attendance: 3977 (79.54%) -- Ticket Income $234,643
Level 3 -- Attendance: 2694 (89.80%) -- Ticket Income $91,596
Level 4 -- Attendance: 3876 (77.52%) -- Ticket Income $93,024
Luxury Box -- Attendance: 709 (70.90%) -- Ticket Income $141,091
Game was played at the Rogers Arena.
Total Attendance: 16047 (80.24%)
Total Ticket Income: $1,034,663
Other Income: $362,132
Total Income: $1,396,795
Montreal Canadiens
5 vs 5 Forward
Center Left Wing Right Wing Time % Phy DF OF
1 Sidney Crosby Jamie Benn Patrik Laine 30 1 2 2
2 Dylan Larkin Filip Forsberg Martin Necas 30 1 2 2
3 Christian Fischer Jonathan Marchessault Evgeni Dadonov 25 1 2 2
4 Jake Evans Tomas Nosek Vladislav Namestnikov 15 1 2 2
5 vs 5 Defense
Defense Defense Time % Phy DF OF
1 Adam Fox Brady Skjei 35 1 2 2
2 Damon Severson Tyler Myers 35 1 2 2
3 Filip Hronek Marco Scandella 30 1 2 2
4 Adam Fox Brady Skjei 0 1 2 2
PowerPlay Forward
Center Left Wing Right Wing Time % Phy DF OF
1 Sidney Crosby Jamie Benn Patrik Laine 50 1 2 2
2 Dylan Larkin Filip Forsberg Martin Necas 50 1 2 2
PowerPlay Defense
Defense Defense Time % Phy DF OF
1 Adam Fox Brady Skjei 50 1 2 2
2 Damon Severson Tyler Myers 50 1 2 2
Penalty Kill 4 Players Forward
Center Wing Time % Phy DF OF
1 Sidney Crosby Dylan Larkin 50 1 2 2
2 Jamie Benn Patrik Laine 50 1 2 2
Penalty Kill 4 Players Defense
Defense Defense Time % Phy DF OF
1 Adam Fox Brady Skjei 50 1 2 2
2 Damon Severson Tyler Myers 50 1 2 2
Penalty Kill - 3 Players Forward
Forward Time % Phy DF OF
1 Sidney Crosby 50 1 2 2
2 Dylan Larkin 50 1 2 2
Penalty Kill - 3 Players Defense
Defense Defense Time % Phy DF OF
1 Adam Fox Brady Skjei 50 1 2 2
2 Damon Severson Tyler Myers 50 1 2 2
4 vs 4 Forward
Center Wing Time % Phy DF OF
1 Sidney Crosby Dylan Larkin 50 1 2 2
2 Jamie Benn Patrik Laine 50 1 2 2
4 vs 4 Defense
Defense Defense Time % Phy DF OF
1 Adam Fox Brady Skjei 50 1 2 2
2 Damon Severson Tyler Myers 50 1 2 2
Last Minutes Offensive
Center Left Wing Right Wing Defense Defense
Sidney Crosby Jamie Benn Patrik Laine Adam Fox Brady Skjei
Last Minutes Defensive
Center Left Wing Right Wing Defense Defense
Sidney Crosby Jamie Benn Patrik Laine Adam Fox Brady Skjei
Goaltenders
Starting : Daniel Vladar
Backup : Jacob Markstrom
Extra Forwards
Normal : Tomas Nosek, Jonathan Marchessault, Evgeni Dadonov - PP : Tomas Nosek, Jonathan Marchessault - PK : Evgeni Dadonov
Extra Defensemen
Normal : Filip Hronek, Adam Fox, Damon Severson - PP : Filip Hronek - PK : Brady Skjei, Damon Severson
Penalty Shots
Sidney Crosby, Dylan Larkin, Jamie Benn, Patrik Laine, Filip Forsberg
Vancouver Canucks
5 vs 5 Forward
Center Left Wing Right Wing Time % Phy DF OF
1 Aleksander Barkov Clayton Keller Mikko Rantanen 30 1 2 2
2 Robby Fabbri Artturi Lehkonen Kasperi Kapanen 30 1 2 2
3 Jesperi Kotkaniemi Casey Mittelstadt Taylor Raddysh 25 1 2 2
4 Noah Cates Anton Lundell Sam Lafferty 15 1 2 2
5 vs 5 Defense
Defense Defense Time % Phy DF OF
1 Adam Boqvist Miro Heiskanen 30 1 2 2
2 Noah Hanifin Jake Bean 30 1 2 2
3 Chad Ruhwedel Jacob Bryson 25 1 2 2
4 Noah Hanifin Miro Heiskanen 15 1 2 2
PowerPlay Forward
Center Left Wing Right Wing Time % Phy DF OF
1 Aleksander Barkov Clayton Keller Mikko Rantanen 50 1 2 2
2 Casey Mittelstadt Artturi Lehkonen Kasperi Kapanen 50 1 2 2
PowerPlay Defense
Defense Defense Time % Phy DF OF
1 Noah Hanifin Miro Heiskanen 50 1 2 2
2 Chad Ruhwedel Adam Boqvist 50 1 2 2
Penalty Kill 4 Players Forward
Center Wing Time % Phy DF OF
1 Aleksander Barkov Mikko Rantanen 50 1 2 2
2 Clayton Keller Artturi Lehkonen 50 1 2 2
Penalty Kill 4 Players Defense
Defense Defense Time % Phy DF OF
1 Noah Hanifin Miro Heiskanen 50 1 2 2
2 Chad Ruhwedel Adam Boqvist 50 1 2 2
Penalty Kill - 3 Players Forward
Forward Time % Phy DF OF
1 Aleksander Barkov 50 1 2 2
2 Mikko Rantanen 50 1 2 2
Penalty Kill - 3 Players Defense
Defense Defense Time % Phy DF OF
1 Noah Hanifin Miro Heiskanen 50 1 2 2
2 Chad Ruhwedel Adam Boqvist 50 1 2 2
4 vs 4 Forward
Center Wing Time % Phy DF OF
1 Aleksander Barkov Mikko Rantanen 50 1 2 2
2 Clayton Keller Artturi Lehkonen 50 1 2 2
4 vs 4 Defense
Defense Defense Time % Phy DF OF
1 Noah Hanifin Miro Heiskanen 50 1 2 2
2 Chad Ruhwedel Adam Boqvist 50 1 2 2
Last Minutes Offensive
Center Left Wing Right Wing Defense Defense
Aleksander Barkov Clayton Keller Mikko Rantanen Noah Hanifin Miro Heiskanen
Last Minutes Defensive
Center Left Wing Right Wing Defense Defense
Aleksander Barkov Clayton Keller Mikko Rantanen Noah Hanifin Miro Heiskanen
Goaltenders
Starting : Joonas Korpisalo
Backup : Ville Husso
Extra Forwards
Normal : Taylor Raddysh, Anton Lundell, Jesperi Kotkaniemi - PP : Taylor Raddysh, Anton Lundell - PK : Jesperi Kotkaniemi
Extra Defensemen
Normal : Jake Bean, Jacob Bryson, Chad Ruhwedel - PP : Jake Bean - PK : Jacob Bryson, Chad Ruhwedel
Penalty Shots
Aleksander Barkov, Mikko Rantanen, Clayton Keller, Artturi Lehkonen, Casey Mittelstadt
% Time on Ice - Montreal Canadiens
Lines # - Real PCT - Wanted PCT - Time Play
Normal Forward
1 - 27% - 30% - 13:19
2 - 25% - 30% - 12:23
3 - 27% - 25% - 13:12
4 - 20% - 15% - 9:59
Normal Defense
1 - 33% - 35% - 16:04
2 - 34% - 35% - 16:23
3 - 33% - 30% - 15:58
4 - 1% - 0% - 0:28
PP Forward
1 - 57% - 50% - 5:11
2 - 43% - 50% - 3:50
PP Defense
1 - 47% - 50% - 4:12
2 - 53% - 50% - 4:49
PK Forward
1 - 45% - 50% - 0:57
2 - 55% - 50% - 1:09
PK Defense
1 - 72% - 50% - 1:31
2 - 28% - 50% - 0:35
PK3 Forward
1 - 0% - 50%
2 - 0% - 50%
PK3 Defense
1 - 0% - 50%
2 - 0% - 50%
44 Forward
1 - 0% - 50%
2 - 0% - 50%
44 Defense
1 - 0% - 50%
2 - 0% - 50%
Last Minute Offensive - 0:00
Last Minute Defensive - 0:00
Total
Forward - 60:00
Defense - 60:00
|
% Time on Ice - Vancouver Canucks
Lines # - Real PCT - Wanted PCT - Time Play
Normal Forward
1 - 26% - 30% - 12:39
2 - 30% - 30% - 14:35
3 - 26% - 25% - 12:44
4 - 18% - 15% - 8:55
Normal Defense
1 - 30% - 30% - 14:54
2 - 31% - 30% - 15:04
3 - 28% - 25% - 13:38
4 - 11% - 15% - 5:17
PP Forward
1 - 40% - 50% - 0:51
2 - 60% - 50% - 1:15
PP Defense
1 - 52% - 50% - 1:06
2 - 48% - 50% - 1:00
PK Forward
1 - 51% - 50% - 4:34
2 - 49% - 50% - 4:27
PK Defense
1 - 48% - 50% - 4:18
2 - 52% - 50% - 4:43
PK3 Forward
1 - 0% - 50%
2 - 0% - 50%
PK3 Defense
1 - 0% - 50%
2 - 0% - 50%
44 Forward
1 - 0% - 50%
2 - 0% - 50%
44 Defense
1 - 0% - 50%
2 - 0% - 50%
Last Minute Offensive - 0:00
Last Minute Defensive - 0:00
Total
Forward - 60:00
Defense - 60:00
|
Play-by-Play
1st period
0:01 of 1st period - Sidney Crosby wins face-off versus Aleksander Barkov in neutral zone.
0:04 of 1st period - Slapshot by Patrik Laine.
0:04 of 1st period - Shot Misses the Net.
0:27 of 1st period - Minor Penalty to Artturi Lehkonen for Hooking.
0:28 of 1st period - Sidney Crosby wins face-off versus Aleksander Barkov in Vancouver Canucks zone.
2:24 of 1st period - Aleksander Barkov is hit by Tyler Myers and loses puck.
2:27 of 1st period - Penalty to Artturi Lehkonen is over, Artturi Lehkonen is back on ice.
3:25 of 1st period - Slapshot by Casey Mittelstadt.
3:25 of 1st period - Stopped by Daniel Vladar with a rebound.
4:17 of 1st period - Kasperi Kapanen is hit by Dylan Larkin and loses puck.
4:49 of 1st period - Vladislav Namestnikov is hit by Jacob Bryson and loses puck.
5:06 of 1st period - Artturi Lehkonen is hit by Filip Forsberg and loses puck.
5:21 of 1st period - Clayton Keller is hit by Jamie Benn and loses puck.
6:00 of 1st period - Icing by Miro Heiskanen.
6:01 of 1st period - Jesperi Kotkaniemi wins face-off versus Jake Evans in Vancouver Canucks zone.
6:01 of 1st period - Jesperi Kotkaniemi is hit by Vladislav Namestnikov.
6:15 of 1st period - Wrist shot by Kasperi Kapanen.
6:15 of 1st period - Shot Misses the Net.
6:21 of 1st period - Miro Heiskanen is hit by Vladislav Namestnikov.
6:58 of 1st period - Taylor Raddysh is hit by Jake Evans and loses puck.
7:15 of 1st period - Slapshot by Jesperi Kotkaniemi.
7:15 of 1st period - Stopped by Daniel Vladar with a rebound.
7:39 of 1st period - Snap shot by Adam Fox.
7:39 of 1st period - Stopped by Joonas Korpisalo with a rebound.
7:41 of 1st period - Slapshot by Brady Skjei.
7:41 of 1st period - Stopped by Joonas Korpisalo with a rebound.
7:43 of 1st period - Backhand shot by Adam Fox.
7:43 of 1st period - Shot Blocked by Miro Heiskanen.
7:45 of 1st period - Wrist shot by Tomas Nosek.
7:45 of 1st period - Stopped by Joonas Korpisalo with a rebound.
7:55 of 1st period - Wrist shot by Vladislav Namestnikov.
7:55 of 1st period - Shot Misses the Net.
7:57 of 1st period - Slapshot by Adam Fox.
7:57 of 1st period - Deflect By Vladislav Namestnikov.
7:57 of 1st period - Stopped by Joonas Korpisalo without a rebound.
7:58 of 1st period - Robby Fabbri wins face-off versus Sidney Crosby in Vancouver Canucks zone.
9:10 of 1st period - Off-side.
9:11 of 1st period - Sidney Crosby wins face-off versus Robby Fabbri in neutral zone.
9:45 of 1st period - Snap shot by Mikko Rantanen.
9:45 of 1st period - Shot Blocked by Filip Forsberg.
9:47 of 1st period - Snap shot by Aleksander Barkov.
9:47 of 1st period - Shot Misses the Net.
9:49 of 1st period - Snap shot by Mikko Rantanen.
9:49 of 1st period - Shot Misses the Net.
10:15 of 1st period - Backhand shot by Jonathan Marchessault.
10:15 of 1st period - Stopped by Joonas Korpisalo with a rebound.
11:01 of 1st period - Icing by Chad Ruhwedel.
11:02 of 1st period - Jesperi Kotkaniemi wins face-off versus Christian Fischer in Vancouver Canucks zone.
11:17 of 1st period - Jesperi Kotkaniemi is hit by Evgeni Dadonov and loses puck.
11:32 of 1st period - Brady Skjei is hit by Mikko Rantanen and loses puck.
11:55 of 1st period - Wrist shot by Sidney Crosby.
11:55 of 1st period - Stopped by Joonas Korpisalo with a rebound.
12:30 of 1st period - Noah Cates is hit by Tomas Nosek.
13:05 of 1st period - Minor Penalty to Noah Hanifin for Hooking.
13:06 of 1st period - Dylan Larkin wins face-off versus Clayton Keller in Vancouver Canucks zone.
13:52 of 1st period - Mikko Rantanen is hit by Dylan Larkin and loses puck.
15:05 of 1st period - Penalty to Noah Hanifin is over, Noah Hanifin is back on ice.
15:11 of 1st period - Chad Ruhwedel is hit by Jonathan Marchessault and loses puck.
15:32 of 1st period - Snap shot by Jake Evans.
15:32 of 1st period - Stopped by Joonas Korpisalo with a rebound.
15:34 of 1st period - Snap shot by Tomas Nosek.
15:34 of 1st period - Deflect By Vladislav Namestnikov.
15:34 of 1st period - Stopped by Joonas Korpisalo with a rebound.
16:26 of 1st period - Clayton Keller is hit by Evgeni Dadonov.
16:41 of 1st period - Kasperi Kapanen is hit by Patrik Laine and loses puck.
17:31 of 1st period - Anton Lundell is hit by Vladislav Namestnikov and loses puck.
17:42 of 1st period - Filip Hronek is hit by Noah Cates and loses puck.
17:46 of 1st period - Icing by Filip Hronek.
17:47 of 1st period - Jake Evans wins face-off versus Clayton Keller in Montreal Canadiens zone.
17:47 of 1st period - Jake Evans is hit by Mikko Rantanen.
18:20 of 1st period - Slapshot by Filip Hronek.
18:20 of 1st period - Deflect By Vladislav Namestnikov.
18:20 of 1st period - Shot Misses the Net.
18:20 of 1st period - Puck is out of play.
18:21 of 1st period - Robby Fabbri wins face-off versus Sidney Crosby in Vancouver Canucks zone.
18:23 of 1st period - Minor Penalty to Robby Fabbri for Hooking.
18:24 of 1st period - Dylan Larkin wins face-off versus Clayton Keller in Vancouver Canucks zone.
18:24 of 1st period - Wrist shot by Martin Necas.
18:24 of 1st period - Shot Misses the Net.
18:26 of 1st period - Wrist shot by Martin Necas.
18:26 of 1st period - Stopped by Joonas Korpisalo without a rebound.
18:27 of 1st period - Dylan Larkin wins face-off versus Clayton Keller in Vancouver Canucks zone.
18:53 of 1st period - Wrist shot by Sidney Crosby.
18:53 of 1st period - Shot Misses the Net.
18:59 of 1st period - Snap shot by Patrik Laine.
18:59 of 1st period - Shot Misses the Net.
Goals for this period are 0 for Montreal Canadiens vs 0 for Vancouver Canucks.
Shots for this period are 9 for Montreal Canadiens vs 2 for Vancouver Canucks.
2nd period
0:01 of 2nd period - Aleksander Barkov wins face-off versus Dylan Larkin in neutral zone.
0:04 of 2nd period - Snap shot by Aleksander Barkov.
0:04 of 2nd period - Shot Misses the Net.
0:23 of 2nd period - Penalty to Robby Fabbri is over, Robby Fabbri is back on ice.
0:50 of 2nd period - Minor Penalty to Patrik Laine for Tripping.
0:51 of 2nd period - Sidney Crosby wins face-off versus Casey Mittelstadt in Montreal Canadiens zone.
1:23 of 2nd period - Wrist shot by Mikko Rantanen.
1:23 of 2nd period - Stopped by Daniel Vladar without a rebound.
1:24 of 2nd period - Sidney Crosby wins face-off versus Casey Mittelstadt in Montreal Canadiens zone.
1:35 of 2nd period - Wrist shot by Artturi Lehkonen.
1:35 of 2nd period - Shot Misses the Net.
1:37 of 2nd period - Wrist shot by Artturi Lehkonen.
1:37 of 2nd period - Deflect By Kasperi Kapanen.
1:37 of 2nd period - Stopped by Daniel Vladar without a rebound.
1:38 of 2nd period - Sidney Crosby wins face-off versus Aleksander Barkov in Montreal Canadiens zone.
1:53 of 2nd period - Slapshot by Clayton Keller.
1:53 of 2nd period - Deflect By Mikko Rantanen.
1:53 of 2nd period - Stopped by Daniel Vladar without a rebound.
1:54 of 2nd period - Sidney Crosby wins face-off versus Casey Mittelstadt in Montreal Canadiens zone.
2:03 of 2nd period - Snap shot by Artturi Lehkonen.
2:03 of 2nd period - Stopped by Daniel Vladar without a rebound.
2:04 of 2nd period - Sidney Crosby wins face-off versus Casey Mittelstadt in Montreal Canadiens zone.
2:19 of 2nd period - Snap shot by Artturi Lehkonen.
2:19 of 2nd period - Stopped by Daniel Vladar with a rebound.
2:21 of 2nd period - Slapshot by Adam Boqvist.
2:21 of 2nd period - Shot Misses the Net.
2:23 of 2nd period - Wrist shot by Casey Mittelstadt.
2:23 of 2nd period - Deflect By Kasperi Kapanen.
2:23 of 2nd period - Shot Blocked by Brady Skjei.
2:23 of 2nd period - Puck is out of play.
2:24 of 2nd period - Aleksander Barkov wins face-off versus Sidney Crosby in Montreal Canadiens zone.
2:25 of 2nd period - Wrist shot by Mikko Rantanen.
2:25 of 2nd period - Goal by Mikko Rantanen - Montreal Canadiens : 0 - Vancouver Canucks : 1.
2:26 of 2nd period - Sidney Crosby wins face-off versus Robby Fabbri in neutral zone.
3:25 of 2nd period - Snap shot by Noah Cates.
3:25 of 2nd period - Stopped by Daniel Vladar with a rebound.
3:27 of 2nd period - Snap shot by Anton Lundell.
3:27 of 2nd period - Shot Misses the Net.
4:07 of 2nd period - Wrist shot by Mikko Rantanen.
4:07 of 2nd period - Shot Blocked by Sidney Crosby.
4:09 of 2nd period - Snap shot by Clayton Keller.
4:09 of 2nd period - Stopped by Daniel Vladar with a rebound.
4:11 of 2nd period - Slapshot by Chad Ruhwedel.
4:11 of 2nd period - Shot Misses the Net.
4:13 of 2nd period - Snap shot by Clayton Keller.
4:13 of 2nd period - Stopped by Daniel Vladar without a rebound.
4:14 of 2nd period - Aleksander Barkov wins face-off versus Sidney Crosby in Montreal Canadiens zone.
4:21 of 2nd period - Snap shot by Aleksander Barkov.
4:21 of 2nd period - Stopped by Daniel Vladar with a rebound.
5:43 of 2nd period - Patrik Laine is hit by Aleksander Barkov and loses puck.
6:08 of 2nd period - Christian Fischer is hit by Chad Ruhwedel and loses puck.
6:26 of 2nd period - Minor Penalty to Dylan Larkin for Holding.
6:27 of 2nd period - Sidney Crosby wins face-off versus Aleksander Barkov in Montreal Canadiens zone.
6:36 of 2nd period - Brady Skjei is hit by Noah Hanifin and loses puck.
6:57 of 2nd period - Snap shot by Miro Heiskanen.
6:57 of 2nd period - Deflect By Casey Mittelstadt.
6:57 of 2nd period - Goal by Casey Mittelstadt - Montreal Canadiens : 0 - Vancouver Canucks : 2.
6:58 of 2nd period - Sidney Crosby wins face-off versus Robby Fabbri in neutral zone.
7:11 of 2nd period - Snap shot by Kasperi Kapanen.
7:11 of 2nd period - Shot Blocked by Damon Severson.
7:13 of 2nd period - Backhand shot by Jake Bean.
7:13 of 2nd period - Stopped by Daniel Vladar without a rebound.
7:14 of 2nd period - Dylan Larkin wins face-off versus Aleksander Barkov in Montreal Canadiens zone.
7:41 of 2nd period - Artturi Lehkonen is hit by Sidney Crosby and loses puck.
8:06 of 2nd period - Slapshot by Jonathan Marchessault.
8:06 of 2nd period - Stopped by Joonas Korpisalo without a rebound.
8:07 of 2nd period - Aleksander Barkov wins face-off versus Christian Fischer in Vancouver Canucks zone.
8:07 of 2nd period - Aleksander Barkov is hit by Evgeni Dadonov.
8:19 of 2nd period - Wrist shot by Evgeni Dadonov.
8:19 of 2nd period - Shot Misses the Net.
8:21 of 2nd period - Backhand shot by Evgeni Dadonov.
8:21 of 2nd period - Shot Blocked by Noah Hanifin.
8:23 of 2nd period - Slapshot by Christian Fischer.
8:23 of 2nd period - Shot Blocked by Jake Bean.
8:25 of 2nd period - Backhand shot by Filip Hronek.
8:25 of 2nd period - Stopped by Joonas Korpisalo with a rebound.
8:29 of 2nd period - Wrist shot by Jonathan Marchessault.
8:29 of 2nd period - Stopped by Joonas Korpisalo with a rebound.
8:31 of 2nd period - Slapshot by Adam Fox.
8:31 of 2nd period - Shot Misses the Net.
8:33 of 2nd period - Slapshot by Evgeni Dadonov.
8:33 of 2nd period - Stopped by Joonas Korpisalo with a rebound.
8:35 of 2nd period - Snap shot by Christian Fischer.
8:35 of 2nd period - Stopped by Joonas Korpisalo with a rebound.
8:37 of 2nd period - Snap shot by Jonathan Marchessault.
8:37 of 2nd period - Stopped by Joonas Korpisalo with a rebound.
8:39 of 2nd period - Snap shot by Brady Skjei.
8:39 of 2nd period - Shot Blocked by Jake Bean.
8:41 of 2nd period - Slapshot by Adam Fox.
8:41 of 2nd period - Shot Misses the Net.
8:43 of 2nd period - Snap shot by Adam Fox.
8:43 of 2nd period - Stopped by Joonas Korpisalo with a rebound.
8:45 of 2nd period - Slapshot by Brady Skjei.
8:45 of 2nd period - Montreal Canadiens goal is going for a video replay.
8:45 of 2nd period - The goal is good.
8:45 of 2nd period - Goal by Brady Skjei - Montreal Canadiens : 1 - Vancouver Canucks : 2.
8:46 of 2nd period - Dylan Larkin wins face-off versus Robby Fabbri in neutral zone.
9:11 of 2nd period - Chad Ruhwedel is hit by Sidney Crosby and loses puck.
9:16 of 2nd period - Wrist shot by Sidney Crosby.
9:16 of 2nd period - Shot Blocked by Jacob Bryson.
9:20 of 2nd period - Wrist shot by Sidney Crosby.
9:20 of 2nd period - Stopped by Joonas Korpisalo with a rebound.
9:22 of 2nd period - Wrist shot by Jamie Benn.
9:22 of 2nd period - Stopped by Joonas Korpisalo with a rebound.
10:52 of 2nd period - Snap shot by Jonathan Marchessault.
10:52 of 2nd period - Shot Blocked by Miro Heiskanen.
11:02 of 2nd period - Wrist shot by Jonathan Marchessault.
11:02 of 2nd period - Stopped by Joonas Korpisalo without a rebound.
11:03 of 2nd period - Aleksander Barkov wins face-off versus Dylan Larkin in Vancouver Canucks zone.
11:07 of 2nd period - Off-side.
11:08 of 2nd period - Dylan Larkin wins face-off versus Clayton Keller in neutral zone.
11:13 of 2nd period - Slapshot by Damon Severson.
11:13 of 2nd period - Stopped by Joonas Korpisalo with a rebound.
11:15 of 2nd period - Wrist shot by Dylan Larkin.
11:15 of 2nd period - Stopped by Joonas Korpisalo with a rebound.
11:17 of 2nd period - Slapshot by Filip Forsberg.
11:17 of 2nd period - Stopped by Joonas Korpisalo without a rebound.
11:18 of 2nd period - Sidney Crosby wins face-off versus Aleksander Barkov in Vancouver Canucks zone.
11:21 of 2nd period - Wrist shot by Jamie Benn.
11:21 of 2nd period - Shot Blocked by Noah Hanifin.
11:31 of 2nd period - Snap shot by Aleksander Barkov.
11:31 of 2nd period - Shot Misses the Net.
11:33 of 2nd period - Snap shot by Aleksander Barkov.
11:33 of 2nd period - Shot Misses the Net.
11:35 of 2nd period - Snap shot by Mikko Rantanen.
11:35 of 2nd period - Shot Misses the Net.
11:45 of 2nd period - Casey Mittelstadt is hit by Damon Severson and loses puck.
11:56 of 2nd period - Slapshot by Filip Forsberg.
11:56 of 2nd period - Deflect By Dylan Larkin.
11:56 of 2nd period - Shot Misses the Net.
11:56 of 2nd period - Puck is out of play.
11:57 of 2nd period - Dylan Larkin wins face-off versus Aleksander Barkov in Vancouver Canucks zone.
12:31 of 2nd period - Snap shot by Sidney Crosby.
12:31 of 2nd period - Shot Blocked by Jacob Bryson.
12:33 of 2nd period - Slapshot by Filip Hronek.
12:33 of 2nd period - Deflect By Patrik Laine.
12:33 of 2nd period - Shot Blocked by Kasperi Kapanen.
12:33 of 2nd period - Puck is out of play.
12:34 of 2nd period - Dylan Larkin wins face-off versus Mikko Rantanen in Vancouver Canucks zone.
13:42 of 2nd period - Off-side.
13:43 of 2nd period - Dylan Larkin wins face-off versus Noah Cates in neutral zone.
13:58 of 2nd period - Snap shot by Dylan Larkin.
13:58 of 2nd period - Stopped by Joonas Korpisalo without a rebound.
13:59 of 2nd period - Sidney Crosby wins face-off versus Aleksander Barkov in Vancouver Canucks zone.
16:32 of 2nd period - Vladislav Namestnikov is hit by Anton Lundell and loses puck.
17:13 of 2nd period - Slapshot by Dylan Larkin.
17:13 of 2nd period - Stopped by Joonas Korpisalo with a rebound.
17:15 of 2nd period - Wrist shot by Martin Necas.
17:15 of 2nd period - Stopped by Joonas Korpisalo with a rebound.
17:17 of 2nd period - Snap shot by Dylan Larkin.
17:17 of 2nd period - Stopped by Joonas Korpisalo without a rebound.
17:18 of 2nd period - Sidney Crosby wins face-off versus Robby Fabbri in Vancouver Canucks zone.
17:28 of 2nd period - Minor Penalty to Robby Fabbri for Slashing.
17:29 of 2nd period - Sidney Crosby wins face-off versus Clayton Keller in Vancouver Canucks zone.
17:35 of 2nd period - Snap shot by Patrik Laine.
17:35 of 2nd period - Stopped by Joonas Korpisalo without a rebound.
17:36 of 2nd period - Sidney Crosby wins face-off versus Clayton Keller in Vancouver Canucks zone.
17:39 of 2nd period - Slapshot by Patrik Laine.
17:39 of 2nd period - Deflect By Sidney Crosby.
17:39 of 2nd period - Stopped by Joonas Korpisalo with a rebound.
18:29 of 2nd period - Snap shot by Patrik Laine.
18:29 of 2nd period - Shot Misses the Net.
18:31 of 2nd period - Slapshot by Damon Severson.
18:31 of 2nd period - Stopped by Joonas Korpisalo with a rebound.
18:33 of 2nd period - Wrist shot by Jamie Benn.
18:33 of 2nd period - Goal by Jamie Benn - Montreal Canadiens : 2 - Vancouver Canucks : 2.
18:34 of 2nd period - Aleksander Barkov wins face-off versus Dylan Larkin in neutral zone.
19:23 of 2nd period - Snap shot by Vladislav Namestnikov.
19:23 of 2nd period - Shot Blocked by Jacob Bryson.
Goals for this period are 2 for Montreal Canadiens vs 2 for Vancouver Canucks.
Shots for this period are 22 for Montreal Canadiens vs 12 for Vancouver Canucks.
3rd period
0:01 of 3rd period - Dylan Larkin wins face-off versus Aleksander Barkov in neutral zone.
0:04 of 3rd period - Slapshot by Damon Severson.
0:04 of 3rd period - Shot Misses the Net.
0:16 of 3rd period - Snap shot by Clayton Keller.
0:16 of 3rd period - Goal by Clayton Keller - Montreal Canadiens : 2 - Vancouver Canucks : 3.
0:17 of 3rd period - Sidney Crosby wins face-off versus Robby Fabbri in neutral zone.
1:07 of 3rd period - Slapshot by Adam Fox.
1:07 of 3rd period - Stopped by Joonas Korpisalo with a rebound.
1:33 of 3rd period - Wrist shot by Artturi Lehkonen.
1:33 of 3rd period - Stopped by Daniel Vladar without a rebound.
1:34 of 3rd period - Jesperi Kotkaniemi wins face-off versus Dylan Larkin in Montreal Canadiens zone.
1:37 of 3rd period - Slapshot by Taylor Raddysh.
1:37 of 3rd period - Stopped by Daniel Vladar without a rebound.
1:38 of 3rd period - Dylan Larkin wins face-off versus Jesperi Kotkaniemi in Montreal Canadiens zone.
1:45 of 3rd period - Noah Hanifin is hit by Martin Necas and loses puck.
3:20 of 3rd period - Wrist shot by Jesperi Kotkaniemi.
3:20 of 3rd period - Goal by Jesperi Kotkaniemi - Montreal Canadiens : 2 - Vancouver Canucks : 4.
3:21 of 3rd period - Martin Necas wins face-off versus Aleksander Barkov in neutral zone.
3:47 of 3rd period - Clayton Keller is hit by Brady Skjei.
3:51 of 3rd period - Snap shot by Evgeni Dadonov.
3:51 of 3rd period - Shot Misses the Net.
4:17 of 3rd period - Snap shot by Patrik Laine.
4:17 of 3rd period - Stopped by Joonas Korpisalo without a rebound.
4:18 of 3rd period - Dylan Larkin wins face-off versus Robby Fabbri in Vancouver Canucks zone.
5:02 of 3rd period - Marco Scandella is hit by Noah Hanifin.
5:30 of 3rd period - Casey Mittelstadt is hit by Jonathan Marchessault and loses puck.
5:50 of 3rd period - Wrist shot by Jamie Benn.
5:50 of 3rd period - Shot Blocked by Sam Lafferty.
5:52 of 3rd period - Slapshot by Tyler Myers.
5:52 of 3rd period - Stopped by Joonas Korpisalo with a rebound.
6:02 of 3rd period - Minor Penalty to Chad Ruhwedel for Tripping.
6:03 of 3rd period - Clayton Keller wins face-off versus Patrik Laine in Vancouver Canucks zone.
6:03 of 3rd period - Clayton Keller is hit by Brady Skjei.
7:58 of 3rd period - Clayton Keller is hit by Patrik Laine and loses puck.
8:02 of 3rd period - Penalty to Chad Ruhwedel is over, Chad Ruhwedel is back on ice.
8:12 of 3rd period - Icing by Taylor Raddysh.
8:13 of 3rd period - Noah Cates wins face-off versus Evgeni Dadonov in Vancouver Canucks zone.
8:18 of 3rd period - Wrist shot by Sam Lafferty.
8:18 of 3rd period - Shot Blocked by Christian Fischer.
8:24 of 3rd period - Wrist shot by Noah Cates.
8:24 of 3rd period - Shot Misses the Net.
8:40 of 3rd period - Taylor Raddysh is hit by Marco Scandella and loses puck.
9:07 of 3rd period - Snap shot by Mikko Rantanen.
9:07 of 3rd period - Stopped by Daniel Vladar with a rebound.
9:41 of 3rd period - Tyler Myers is hit by Chad Ruhwedel and loses puck.
10:30 of 3rd period - Snap shot by Dylan Larkin.
10:30 of 3rd period - Shot Misses the Net.
10:59 of 3rd period - Backhand shot by Evgeni Dadonov.
10:59 of 3rd period - Stopped by Joonas Korpisalo with a rebound.
11:14 of 3rd period - Sidney Crosby is hit by Adam Boqvist and loses puck.
11:31 of 3rd period - Jesperi Kotkaniemi is hit by Brady Skjei and loses puck.
11:39 of 3rd period - Slapshot by Jesperi Kotkaniemi.
11:39 of 3rd period - Shot Misses the Net.
11:59 of 3rd period - Snap shot by Filip Forsberg.
11:59 of 3rd period - Shot Misses the Net.
12:01 of 3rd period - Slapshot by Adam Fox.
12:01 of 3rd period - Shot Misses the Net.
12:03 of 3rd period - Snap shot by Martin Necas.
12:03 of 3rd period - Stopped by Joonas Korpisalo without a rebound.
12:04 of 3rd period - Sidney Crosby wins face-off versus Robby Fabbri in Vancouver Canucks zone.
12:36 of 3rd period - Snap shot by Clayton Keller.
12:36 of 3rd period - Stopped by Daniel Vladar with a rebound.
12:38 of 3rd period - Wrist shot by Aleksander Barkov.
12:38 of 3rd period - Shot Misses the Net.
13:14 of 3rd period - Wrist shot by Tomas Nosek.
13:14 of 3rd period - Stopped by Joonas Korpisalo with a rebound.
13:16 of 3rd period - Slapshot by Tomas Nosek.
13:16 of 3rd period - Stopped by Joonas Korpisalo with a rebound.
13:20 of 3rd period - Snap shot by Vladislav Namestnikov.
13:20 of 3rd period - Stopped by Joonas Korpisalo with a rebound.
13:22 of 3rd period - Snap shot by Jake Evans.
13:22 of 3rd period - Shot Misses the Net.
14:54 of 3rd period - Marco Scandella is hit by Mikko Rantanen and loses puck.
15:19 of 3rd period - Wrist shot by Artturi Lehkonen.
15:19 of 3rd period - Stopped by Daniel Vladar without a rebound.
15:20 of 3rd period - Robby Fabbri wins face-off versus Jonathan Marchessault in Montreal Canadiens zone.
15:21 of 3rd period - Slapshot by Artturi Lehkonen.
15:21 of 3rd period - Shot Blocked by Brady Skjei.
16:17 of 3rd period - Slapshot by Martin Necas.
16:17 of 3rd period - Stopped by Joonas Korpisalo with a rebound.
16:31 of 3rd period - Snap shot by Kasperi Kapanen.
16:31 of 3rd period - Stopped by Daniel Vladar without a rebound.
16:32 of 3rd period - Jesperi Kotkaniemi wins face-off versus Jake Evans in Montreal Canadiens zone.
16:35 of 3rd period - Snap shot by Taylor Raddysh.
16:35 of 3rd period - Stopped by Daniel Vladar without a rebound.
16:36 of 3rd period - Christian Fischer wins face-off versus Jesperi Kotkaniemi in Montreal Canadiens zone.
16:36 of 3rd period - Christian Fischer is hit by Taylor Raddysh.
16:41 of 3rd period - Off-side.
16:42 of 3rd period - Jesperi Kotkaniemi wins face-off versus Christian Fischer in neutral zone.
16:51 of 3rd period - Snap shot by Casey Mittelstadt.
16:51 of 3rd period - Shot Misses the Net.
17:05 of 3rd period - Marco Scandella is hit by Noah Hanifin and loses puck.
17:49 of 3rd period - Evgeni Dadonov is hit by Miro Heiskanen and loses puck.
18:12 of 3rd period - Snap shot by Evgeni Dadonov.
18:12 of 3rd period - Shot Misses the Net.
18:14 of 3rd period - Slapshot by Jonathan Marchessault.
18:14 of 3rd period - Stopped by Joonas Korpisalo with a rebound.
18:16 of 3rd period - Slapshot by Filip Hronek.
18:16 of 3rd period - Deflect By Jonathan Marchessault.
18:16 of 3rd period - Shot Blocked by Taylor Raddysh.
18:16 of 3rd period - Puck is out of play.
18:17 of 3rd period - Noah Cates wins face-off versus Sidney Crosby in Vancouver Canucks zone.
18:28 of 3rd period - Wrist shot by Noah Cates.
18:28 of 3rd period - Stopped by Daniel Vladar with a rebound.
18:44 of 3rd period - Adam Fox is hit by Robby Fabbri and loses puck.
18:55 of 3rd period - Snap shot by Robby Fabbri.
18:55 of 3rd period - Stopped by Daniel Vladar with a rebound.
19:39 of 3rd period - Damon Severson is hit by Adam Boqvist and loses puck.
19:50 of 3rd period - Filip Forsberg is hit by Aleksander Barkov and loses puck.
Goals for this period are 0 for Montreal Canadiens vs 2 for Vancouver Canucks.
Shots for this period are 10 for Montreal Canadiens vs 11 for Vancouver Canucks.
Back to the Top